 Dungeon Crawl Stone Soup version 0.18.1-48-g4cf74bf (webtiles) character file.

340 Mechanique the Magician (level 6, 0/41 HPs)
             Began as a Mummy Conjurer on July 8, 2016.
             Was an Initiate of Vehumet.
             Slain by a crimson imp (1 damage)
             ... summoned by Eustachio
             ... on level 3 of the Dungeon on Aug 29, 2016.
             The game lasted 00:33:45 (6111 turns).

Mechanique the Magician (Mummy Conjurer)            Turns: 6111, Time: 00:33:45

Health: 0/41       AC:  3    Str: 11    XL:     6   Next: 30%
Magic:  0/12       EV: 13    Int: 16    God:    Vehumet [......]
Gold:   186        SH:  0    Dex: 13    Spells: 4 memorised, 3 levels left

rFire  x . .     SeeInvis .     g - +2 dagger (venom)
rCold  + . .     Gourm    .     c - +1 robe
rNeg   + + +     Faith    .     (no shield)
rPois  ∞         Spirit   .     (no helmet)
rElec  .         Dismiss  .     (no cloak)
rCorr  .         Reflect  .     (no gloves)
SustAt .         Harm     .     (no boots)
MR     .....                    (no amulet)
Stlth  ++........               (no ring)
                                a - ring of positive energy

@: not resistant to hostile enchantments, unstealthy
A: no food or potions, fire vulnerability, cold resistance 1, negative energy
resistance 3, torment resistance, unbreathing
a: Renounce Religion


You were on level 3 of the Dungeon.
You worshipped Vehumet.
Vehumet was noncommittal.
You were not hungry.

You visited 2 branches of the dungeon, and saw 5 of its levels.

You collected 186 gold pieces.

Inventory:

Hand Weapons
 g - a +2 dagger of venom (weapon)
Armour
 c - a +1 robe (worn)
Jewellery
 a - a ring of positive energy (left hand)
Scrolls
 d - 2 scrolls of teleportation
 f - a scroll of remove curse
Books
 b - a book of Conjurations

   Spells                             Type                      Level
   a - Magic Dart                     Conjuration                  1
   b - Searing Ray                    Conjuration                  2
   c - Dazzling Spray                 Conjuration/Hexes            3
   d - Fulminant Prism                Conjuration/Hexes            4
   e - Iskenderun's Mystic Blast      Conjuration                  4
   f - Iskenderun's Battlesphere      Conjuration/Charms           5
 e - a book of Maledictions

   Spells                             Type                      Level
   a - Corona                         Hexes                        1
   b - Ensorcelled Hibernation        Hexes/Ice                    2
   c - Confuse                        Hexes                        3
   d - Tukima's Dance                 Hexes                        3
   e - Dazzling Spray                 Conjuration/Hexes            3


   Skills:
 + Level 3.9 Dodging
 - Level 1.5 Stealth
 - Level 4.0 Spellcasting
 - Level 3.3 Conjurations
 + Level 1.7 Charms


You had 3 spell levels left.
You knew the following spells:

 Your Spells              Type           Power        Failure   Level  Hunger
a - Magic Dart            Conj           ##..         6%          1    N/A
b - Searing Ray           Conj           ##....       10%         2    N/A
c - Iskenderun's Battles  Conj/Chrm      ##......     98%         5    N/A
d - Ensorcelled Hibernat  Hex/Ice        #.....       24%         2    N/A

Dungeon Overview and Level Annotations

Branches:
Dungeon (4/15)             Temple (1/1) D:4

Altars:
Cheibriados
Dithmenos
Fedhas
Makhleb
Nemelex Xobeh
Okawaru
Sif Muna
Trog
Vehumet
Xom
Yredelemnul
Zin

Annotations:
D:3 Eustachio
D:4 Edmund


Innate Abilities, Weirdness & Mutations

You do not eat or drink.
Your flesh is vulnerable to fire.
You are immune to poison.
Your flesh is cold resistant.
You are immune to negative energy.
You are immune to unholy pain and torment.
You can survive without breathing.


Message History

The quokka closely misses you. Eustachio hits you but does no damage.
Without enough magic to sustain it, your searing ray dissipates.
The river rat bites you but does no damage.
The quokka closely misses you.
Eustachio casts a spell.
The quokka bites you. The river rat bites you!
* * * LOW HITPOINT WARNING * * *
Eustachio casts a spell.
The quokka closely misses you. The white imp hits you.
* * * LOW HITPOINT WARNING * * *
The white imp freezes you. You resist.
* * * LOW HITPOINT WARNING * * *
Casting: Searing Ray
Confirm with . or Enter, or press ? or * to list all spells.
You don't have enough magic to cast that spell.
Unknown command.
The river rat barely misses you. The quokka closely misses you.
Eustachio casts a spell.
Eustachio blinks!
The crimson imp hits you.
You die...

#.# ##.## #.# #.########## #.#
#.## #.# #.........). ####.# #..#
#.# #.########## .....## ##.###.#
#.# # ####..#
#.##..#######.########## #####.#
#.#.........#......W<...
.!....####.#.###.###...####.#####
#.###.#†.....#.r55.#...# #.# #.#
#.##.##..#b§@..#.### #.#
#.###.##.##....5r(.(.# #.#
#........##..#.....#.# #.#
#.#####..###.#.@...#.# #.#
#........# #.###.###.# #.#
########.###.........# #.#
#..##.........## #.#
#.###.#.#####.# #!# #.# #.#.# #.#
#.#


You could see Eustachio, 2 crimson imps, a river rat, a white imp, a quokka and
a bat.

Vanquished Creatures
  The ghost of loom the Cudgeler, an amateur MiBe of Trog (D:3)
  A giant frog (D:4)
  A scorpion (D:3)
  3 adders
  6 worms
  3 dart slugs
  7 giant geckos
  15 bats
  2 giant cockroaches
  10 hobgoblins
  6 jackals
  13 kobolds
  3 quokkas
  A ball python (D:3)
  4 giant newts
  5 goblins
  6 rats
87 creatures vanquished.

Notes
Turn   | Place    | Note
--------------------------------------------------------------
     0 | D:1      | Mechanique the Mummy Conjurer began the quest for the Orb.
     0 | D:1      | Reached XP level 1. HP: 13/13 MP: 3/3
   190 | D:1      | Reached XP level 2. HP: 19/19 MP: 1/5
   712 | D:1      | Reached XP level 3. HP: 24/24 MP: 4/7
  1010 | D:2      | Reached skill level 3 in Spellcasting
  2160 | D:2      | Reached XP level 4. HP: 26/30 MP: 0/8
  2537 | D:3      | Learned a level 2 spell: Searing Ray
  2756 | D:3      | Noticed loom's ghost (amateur MiBe)
  3829 | D:4      | Noticed a giant frog
  3843 | D:4      | Killed a giant frog
  3843 | D:4      | Reached XP level 5. HP: 6/35 MP: 6/10
  4109 | D:4      | Found a staircase to the Ecumenical Temple.
  4138 | D:4      | Noticed Eustachio
  4170 | Temple   | Entered the Ecumenical Temple
  4317 | Temple   | Became a worshipper of Vehumet
  4419 | D:4      | Noticed an ogre
  4559 | D:3      | Reached skill level 4 in Spellcasting
  4823 | D:2      | Learned a level 5 spell: Iskenderun's Battlesphere
  5094 | D:3      | Learned a level 2 spell: Ensorcelled Hibernation
  5146 | D:4      | Noticed Edmund
  5208 | D:4      | Found a basalt altar of Yredelemnul.
  5225 | D:3      | Reached skill level 1 in Charms
  5843 | D:3      | Killed loom's ghost
  5843 | D:3      | Reached XP level 6. HP: 19/41 MP: 0/12
  6110 | D:3      | HP: 1/41 [white imp[Eustachio] (2)]
  6111 | D:3      | Slain by a crimson imp

Skill      XL: |  1  2  3  4  5 |
---------------+----------------+-----
Dodging        | 2 3 |  3.9
Spellcasting   | 3 4 |  4.0
Charms         | 1 |  1.7
Stealth        | |  1.5
Conjurations   | |  3.3

Action                   |  1- 3 |  4- 6 || total
-------------------------+-------+-------++-------
Melee: Dagger            |    40 |    49 ||    89
 Cast: Magic Dart        |    94 |   111 ||   205
       Searing Ray       |       |     8 ||     8
       Ensorcelled Hiber |       |     1 ||     1
  Use: Scroll            |     2 |     5 ||     7
Armor: Robe              |    19 |    10 ||    29
Dodge: Dodged            |    34 |    70 ||   104
